 Dungeon Crawl Stone Soup version 0.29.0-4-gdea44cf6ec (webtiles) character file.

Game seed: 645413806227018173

52 qw the Chopper (level 3, 0/21 HPs)
             Began as a Tengu Warper on Aug 28, 2022.
             Slain by an orc wizard
             ... wielding a +0 dagger
              (3 damage)
             ... on level 2 of the Dungeon.
             The game lasted 00:00:05 (975 turns).

qw the Chopper (Tengu Warper)                        Turns: 975, Time: 00:00:06

Health: 0/21       AC: 10    Str: 13    XL:     3   Next: 85%
Magic:  7/7        EV:  3    Int: 13    God:
Gold:   14         SH:  0    Dex: 13    Spells: 6/6 levels left

rFire   . . .      SeeInvis .   Y - +0 hand axe
rCold   . . .      Faith    .   (no shield)
rNeg    . . .      Spirit   .   f - +0 plate armour
rPois   .          Reflect  .   (helmet restricted)
rElec   .          Harm     .   (no cloak)
rCorr   .          Rampage  .   (no gloves)
Will    .....                   (boots unavailable)
Stlth   ..........              (no amulet)
HPRegen 0.07/turn               (no ring)
MPRegen 0.10/turn               (no ring)

@: no status effects
A: beak, talons 3
a: no special abilities


You were on level 2 of the Dungeon.
You visited 1 branch of the dungeon, and saw 2 of its levels.

You collected 60 gold pieces.
You spent 46 gold pieces at shops.


Innate Abilities, Weirdness & Mutations

You have a beak for a mouth.
You have claws for feet.


   Skills:
 - Level 2.0 Fighting
 + Level 4.0 Axes
 - Level 1.0 Throwing
 - Level 2.1 Armour
 - Level 2.1 Dodging
 - Level 2.0 Spellcasting
 - Level 2.4 Translocations


You had 6 spell levels left.
You didn't know any spells.
Your spell library contained the following spells:

 Spells                   Type           Power      Damage    Failure   Level
 Blink                    Tloc           14%        N/A       100%        2
 Gell's Gravitas          Tloc           7%         N/A       100%        3
 Lesser Beckoning         Tloc           7%         N/A       100%        3
 Teleport Other           Tloc           7%         N/A       100%        3
 Manifold Assault         Tloc           7%         N/A       100%        5

Inventory:

Hand Weapons
 e - a +0 whip
 Y - a +0 hand axe (weapon)
Armour
 f - a +0 plate armour (worn)
Potions
 a - 2 potions of curing {unknown}
 b - a potion of attraction {unknown}
 g - a potion of resistance {unknown}

Dungeon Overview and Level Annotations

Branches:
Dungeon (2/15)

Altars:

Shops:
D:2 *


Message History

You kill the gnoll!
You hit the plant. x2; You hit something but do no damage.
You hit the gnoll but do no damage.
A nearby plant withers and dies.
You hear some strange, mumbled words.
A magic dart appears from out of thin air!
The magic dart hits you but does no damage.
A rat comes into view.
The gnoll hits you with a +0 whip.
You hit the gnoll. Your peck misses the gnoll.
The gnoll is lightly wounded.
You hit the plant. You closely miss something. Something hits you.
The gnoll barely misses you.
You slash the gnoll! You claw the gnoll, but do no damage.
The gnoll is severely wounded.
You hit the plant. You closely miss something. Something hits you.
The gnoll hits you with a +0 whip.
You hit the gnoll. Your kick misses the gnoll.
The gnoll is almost dead.
You completely miss something. You hit the plant.
A nearby plant withers and dies.
Something hits you but does no damage. The gnoll hits you with a +0 whip.
Something hits you but does no damage. The gnoll hits you with a +0 whip!
You hit the gnoll.
You kill the gnoll!
You hit the rat but do no damage. You hit something.
Something hits you but does no damage. The rat barely misses you.
Your Armour skill increases to level 2!
You barely miss the rat. You claw the rat, but do no damage.
Your peck misses the rat. You hit the rat.
You kill the rat!
You miss something. Something hits you but does no damage.
The rat bites you but does no damage.
You slash the rat!
You kill the rat!
You barely miss something. Something hits you but does no damage.
You miss something. Your kick misses something. Something hits you.
You die...

##.#####.###.##
#...............
#.#...........#
#.#<..........#
#.#.####...##.#
#.#.#...<...# ..
#...........#
....##....P.#.##.#.
.......)@\P.....>..
....###{)...####.#.#
.................#.#
....###..#.####... .
.r #..#.# # #..#..
#..#### #..# #..#


There were no monsters in sight!

Vanquished Creatures
  2 gnolls (D:2)
  A dart slug (D:1)
  2 orcs (D:2)
  3 endoplasms (D:1)
  A giant cockroach (D:1)
  3 hobgoblins (D:1)
  2 jackals (D:1)
  2 quokkas (D:1)
  4 bats (D:1)
  A frilled lizard (D:1)
  5 kobolds (D:1)
  3 rats
29 creatures vanquished.

Vanquished Creatures (others)
  2 plants (D:2)
2 creatures vanquished.

Grand Total: 31 creatures vanquished

Notes
Turn   | Place    | Note
-------+----------+-------------------------------------------
     0 | D:1      | qw the Tengu Warper began the quest for the Orb.
     0 | D:1      | Reached XP level 1. HP: 12/12 MP: 4/4
     0 | D:1      | 0 ||| qw: Version: 0.1-a-89-g26bdef1
     0 | D:1      | 0 ||| qw: Game counter: 1115
     0 | D:1      | 0 ||| qw: Always use a shield: true
     0 | D:1      | 0 ||| qw: God list: Okawaru
     0 | D:1      | 0 ||| qw: Allow faded altars: false
     0 | D:1      | 0 ||| qw: Do Orc after D:15 true
     0 | D:1      | 0 ||| qw: Do second Lair branch before Depths: true
     0 | D:1      | 0 ||| qw: Lair rune preference: random
     0 | D:1      | 0 ||| qw: Plans: Normal
     0 | D:1      | 0 ||| PLANNING D:1-11
   266 | D:1      | Reached skill level 3 in Axes
   266 | D:1      | Reached XP level 2. HP: 17/17 MP: 6/6
   559 | D:1      | 559 ||| Stepping ~*~*~tactically~*~*~ (stealth).
   687 | D:1      | Reached XP level 3. HP: 17/21 MP: 7/7
   922 | D:1      | 922 ||| UPGRADING to +0 plate armour.
   932 | D:1      | 932 ||| DROPPING +0 leather armour.
   933 | D:1      | 933 ||| READING scroll labelled HIARIS CAHIJO.
   934 | D:1      | 934 ||| DROPPING scroll of blinking.
   945 | D:2      | Found Caost's Assorted Antiques.
   958 | D:2      | 958 ||| SHOPLISTING +14 obsidian axe {vorpal, Mesm Drain
                  | Fly SInv} (2176 gold, have 60).
   958 | D:2      | 958 ||| BUYING emerald potion (23 gold).
   958 | D:2      | Bought an emerald potion for 23 gold pieces
   958 | D:2      | 958 ||| BUYING metallic white potion (23 gold).
   958 | D:2      | Bought a metallic white potion for 23 gold pieces
   958 | D:2      | 958 ||| SHOPLISTING orange potion (23 gold, have 14).
   960 | D:2      | 960 ||| Stepping ~*~*~tactically~*~*~ (stealth).
   964 | D:2      | 964 ||| Stepping ~*~*~tactically~*~*~ (stealth).
   966 | D:2      | Reached skill level 4 in Axes
   971 | D:2      | HP: 2/21 [gnoll/+0 whip (7)]
   975 | D:2      | Slain by an orc wizard

Levels and vault maps discovered:
D:1:      minmay_arrival_pointy, layout_basic, due_unseen_surprise
D:2:      layout_basic, serial_shops, nicolae_shop_overgrown_old_shop,
          hellmonk_ecumenical_altar_crossroads, uniq_crazy_yiuf_cottage,
          uniq_natasha

Skill      XL: |  1  2  3 |
---------------+----------+-----
Axes           | 3 4 |  4.0
Armour         | 2 |  2.1
Fighting       | |  2.0
Throwing       | |  1.0
Dodging        | |  2.1
Spellcasting   | |  2.0
Translocations | |  2.4

Action                   || total
-------------------------++-------
Melee: Hand axe          ||    70
       Peck              ||     7
       Kick              ||    11
Throw: Boomerang         ||     7
  Use: Scroll            ||     1
Armor: Leather armour    ||    20
       Plate armour      ||    11
Dodge: Dodged            ||    32

Table legend:
 A = Non-vault XP
 B = Vault XP
 C = Vault XP percentage of total XP
 D = Non-vault monster count
 E = Vault monster count
 F = Vault count percentage of total count
                 A         B        C        D         E       F
            +---------+---------+-------+---------+---------+-------
      Total |      75 |       0 |   0.0 |      29 |       0 |   0.0
            +---------+---------+-------+---------+---------+-------
        D:1 |      39 |       0 |   0.0 |      23 |       0 |   0.0
        D:2 |      36 |       0 |   0.0 |       6 |       0 |   0.0
            +---------+---------+-------+---------+---------+-------
